 Dungeon Crawl Stone Soup version 0.31-a0-1547-g618ab1f346 (webtiles) character file.

Game seed: 4875485334698192275

119 Arcadio the Trooper (level 5, 0/57 HPs)
             Began as an Oni Cinder Acolyte on Jan 2, 2024.
             Was a High Priest of Ignis.
             Slain by an iguana (12 damage)
             ... on level 4 of the Dungeon.
             The game lasted 00:03:11 (2486 turns).

Arcadio the Trooper (Oni Cinder Acolyte)            Turns: 2486, Time: 00:03:12

Health: 0/57       AC:  3    Str: 20    XL:     5   Next: 3%
Magic:  0/6        EV:  9    Int: 15    God:    Ignis [*****.]
Gold:   180        SH:  0    Dex:  4    Spells: 4/6 levels left

rFire   + . .        a - -1 hand axe (flame)
rCold   . . .        (no shield)
rNeg    . . .        b - +0 robe
rPois   +            (helmet restricted)
rElec   .            (no cloak)
rCorr   .            (gloves unavailable)
SInv    .            (boots unavailable)
Will    .....        g - amulet of guardian spirit
Stlth   +            n - ring of poison resistance
HPRegen 0.29/turn    (no ring)
MPRegen 0.10/turn

%: guardian spirit
@: no status effects
A: large, unfitting armour, horns 1, tough skin 1, double potion healing,
drunken brawling
a: Renounce Religion, Fiery Armour, Foxfire Swarm, Rising Flame


You were on level 4 of the Dungeon.
You worshipped Ignis.
Ignis was extremely pleased with you.
You visited 2 branches of the dungeon, and saw 5 of its levels.

You collected 180 gold pieces.

Inventory:

Hand Weapons
 a - a -1 hand axe of flaming (weapon)
Armour
 b - a +0 robe (worn)
Jewellery
 g - an amulet of guardian spirit (around neck)
 n - a ring of poison resistance (left hand)
Scrolls
 d - 2 scrolls of immolation
 e - 2 scrolls of identify {unknown}
 f - a scroll of fog {unknown}
 h - a scroll of vulnerability {unknown}
 j - 3 scrolls of teleportation {unknown}
 l - a scroll of amnesia {unknown}
 m - 2 scrolls of enchant weapon {unknown}
 p - 2 scrolls of noise {unknown}
 r - a scroll of poison {unknown}
 u - a scroll of revelation {unknown}
Potions
 c - a potion of degeneration {unknown}
 i - 3 potions of might {unknown}
 k - a potion of mutation {unknown}
 o - a potion of enlightenment {unknown}
 q - 2 potions of lignification {unknown}
 s - a potion of magic {unknown}
 t - a potion of curing {unknown}


   Skills:
 + Level 5.4 Fighting
 + Level 4.0 Axes
 + Level 2.1 Dodging
 - Level 1.2 Spellcasting
 - Level 2.6 Fire Magic


You had 4 spell levels left.
You knew the following spells:

 Your Spells              Type           Power      Damage    Failure   Level
a - Scorch                Fire           16%        2d5       12%         2

Your spell library contained the following spells:

 Spells                   Type           Power      Damage    Failure   Level
 Lesser Beckoning         Tloc           0%         N/A       36%         2
 Gell's Gravitas          Tloc           0%         N/A       58%         3
 Teleport Other           Tloc           0%         N/A       58%         3


Dungeon Overview and Level Annotations

Branches:
Dungeon (4/15) Zot: 21494  Temple (1/1) D:4 Zot: 5998

Altars:
Ashenzari
Dithmenos
Fedhas
Nemelex Xobeh
Okawaru
Ru
Sif Muna
Uskayaw
Vehumet
Wu Jian
Zin
The Shining One


Innate Abilities, Weirdness & Mutations

You are too large for most types of armour.
You have a pair of small horns on your head.
You have tough skin. (AC +1)
You gain doubled healing and magic from potions.
Whenever you drink a healing potion, you attack all around you.


Message History

A hobgoblin comes into view.
The hobgoblin shouts!
The iguana bites you.
You barely miss the iguana. The iguana bites you.
You hit the iguana. You burn the iguana.
The iguana is lightly wounded.
You closely miss the hobgoblin.
The hobgoblin hits you but does no damage.
The iguana bites you.
You hit the hobgoblin but do no damage. You hit the iguana but do no damage.
The hobgoblin closely misses you. The iguana barely misses you.
You hit the hobgoblin but do no damage. You hit the iguana.
You burn the iguana. The hobgoblin closely misses you. The iguana bites you.
You barely miss the hobgoblin. You hit the iguana but do no damage.
The hobgoblin completely misses you. The iguana bites you.
You hit the hobgoblin but do no damage. You hit the iguana but do no damage.
The hobgoblin hits you but does no damage.
The iguana closely misses you.
You barely miss the hobgoblin. You hit the iguana. You burn the iguana.
The hobgoblin hits you. The iguana bites you!
You hit the hobgoblin. You burn the hobgoblin.
You kill the hobgoblin!
You hit the iguana. You burn the iguana. The iguana bites you.
You hit the iguana but do no damage.
The iguana is severely wounded.
The iguana bites you! The iguana bites you.
You hit the iguana but do no damage.
The iguana is severely wounded.
The iguana barely misses you.
You barely miss the iguana. Your headbutt misses the iguana.
The iguana is severely wounded.
The iguana bites you!
* * * LOW HITPOINT WARNING * * *
You completely miss the iguana.
The iguana is severely wounded.
The iguana barely misses you.
You hit the iguana but do no damage. You headbutt the iguana.
The iguana is almost dead.
The iguana bites you!
You die...

.....#.⌠.#...###
...#.......#...#
.#...⌠.>.⌠...#.#
...#.......#...#
.....#.⌠.#...########
####.....)...<.......
##.#.#.###########
#.............#
#..#...@......#
..........l......
.####............ #
#............
#............
#............
.............
#.............


You could see an iguana.

Vanquished Creatures
  A hound (D:4)
  2 adders
  A dart slug (D:3)
  A ribbon worm (D:1)
  2 ball pythons
  3 bats
  8 endoplasms
  4 giant cockroaches
  5 goblins
  6 hobgoblins
  10 jackals (D:1)
  8 kobolds
  A quokka (D:3)
  3 frilled lizards
  2 rats
57 creatures vanquished.

Notes
Turn   | Place    | Note
-------+----------+-------------------------------------------
     0 | D:1      | Arcadio the Oni Cinder Acolyte began the quest for the Orb.
     0 | D:1      | Reached XP level 1. HP: 24/24 MP: 2/2
    97 | D:1      | Reached XP level 2. HP: 27/32 MP: 3/3
   130 | D:1      | Found a faded altar of an unknown god.
   301 | D:1      | Reached skill level 1 in Dodging
   402 | D:1      | Reached XP level 3. HP: 40/40 MP: 4/4
  1207 | D:2      | Learned a level 2 spell: Scorch
  1692 | D:3      | Reached XP level 4. HP: 49/49 MP: 5/5
  1732 | D:3      | Reached skill level 5 in Fighting
  2005 | D:3      | Found a broken altar of Ashenzari.
  2348 | D:4      | Found a staircase to the Ecumenical Temple.
  2365 | D:4      | Reached XP level 5. HP: 27/57 MP: 3/6
  2369 | Temple   | Entered the Ecumenical Temple
  2486 | D:4      | Slain by an iguana

Illustrated notes

Levels and vault maps discovered:
D:1:      minmay_arrival_split_and_join, layout_rooms,
          hellmonk_ecumenical_altar_blasted, nicolae_wormholes
D:2:      layout_basic, minmay_tetromino_l4
D:3:      layout_rooms, ashenzari_conservatory_becter,
          nicolae_concentric_dashed_squares_mild, kennysheep_generic_room_12
D:4:      layout_basic, grunt_gozag_breadcrumbs,
          nicolae_qazlal_beasts_of_the_sky, minmay_temple_entry_sparse_star
Temple:   chequers_temple_sunken

Skill      XL: |  1  2  3  4 |
---------------+-------------+-----
Dodging        | 1 2 |  2.1
Fighting       | 5 |  5.4
Axes           | 4 |  4.0
Spellcasting   | |  1.2
Fire Magic     | |  2.6

Action                     |  1- 3 |  4- 6 || total
---------------------------+-------+-------++-------
  Melee: Hand axe          |    91 |    76 ||   167
         Headbutt          |    12 |     8 ||    20
   Cast: Scorch            |     2 |     1 ||     3
 Armour: Robe              |    61 |    68 ||   129
  Dodge: Dodged            |    46 |    39 ||    85

Table legend: (Time is in decaauts)
 A = Elapsed time spent in this place.
 B = Non-inter-level travel time spent in this place.
 C = Inter-level travel time spent in this place.
 D = Time resting spent in this place.
 E = Time spent auto-exploring this place.
 F = Levels seen in this place.
 G = Mean time per level.
                   A        B        C        D        E       F      G
               +--------+--------+--------+--------+--------+-----+--------+
         Total |   2506 |   2440 |     66 |     94 |   1935 |   5 |  501.2 |
       Dungeon |   2504 |   2438 |     66 |     94 |   1935 |   4 |  626.0 |
        Temple |      1 |      1 |      0 |      0 |      0 |   1 |    1.0 |
               +--------+--------+--------+--------+--------+-----+--------+

Top non-repeatable levels by time:
     D:2: 862 daAuts
     D:1: 826 daAuts
     D:3: 676 daAuts
     D:4: 139 daAuts
  Temple: 1 daAuts
